Predators vs Hurricanes

Created - November 20, 2016 at 10:15

Goals
1 2 3 T
Predators 2 1 2 5
Hurricanes 1 1 0 2
Shots
1 2 3 T
Predators 7 9 10 26
Hurricanes 16 10 10 36

1st period

1. Hurricanes , Bryan Little 8 (Zach Parise, Michael Frolik) at 0:12
2. Predators , Roman Josi 1 (Zach Bogosian, Nicklas Backstrom) at 5:33
3. Predators , Max Pacioretty 8 (Derick Brassard) at 7:31

Penalties :
Zbynek Michalek (NSH) for Holding (Minor) at 7:40, Vincent Trocheck (NSH) for Holding (Minor) at 12:25, Zach Bogosian (NSH) for Interference (Minor) at 15:21

2nd period

4. Hurricanes , Zach Parise 11 (Bryan Little) at 11:40
5. Predators , J.T. Miller 5 (Roman Josi, Zach Bogosian) at 14:43 (PP)

Penalties :
Zach Bogosian (NSH) for Hooking (Minor) at 3:15, Brian Dumoulin (CAR) for Hooking (Minor) at 13:41

3rd period

6. Predators , Nicklas Backstrom 4 (Max Pacioretty, Klas Dahlbeck) at 5:11
7. Predators , Vladislav Namestnikov 1 (Steven Stamkos, Roman Josi) at 6:17

Penalties :
Zach Parise (CAR) for Holding (Minor) at 7:09, Derick Brassard (NSH) for Roughing (Minor) at 17:43

Goalie Stats

Pekka Rinne (NSH), 34 saves from 36 shots - (0.944), W, 7-7-2, 60:00 minutes
Frederik Andersen (CAR), 17 saves from 22 shots - (0.773), L, 6-4-0, 46:17 minutes
Eddie Lack (CAR), 4 saves from 4 shots - (1.000), 13:43 minutes

Players Stats for Predators

Player Name              G  A  P  +/- PIM S  H  SB GA TA FO     MP     PP MP  PK MP  
------------------------------------------------------------------------------------
Colton Sissons           0  0  0   0  0   0  0  0  0  0  0/0     0:00   0:00   0:00 
Derick Brassard          0  1  1   3  2   1  2  0  0  0  16/24  15:47   0:00   0:00 
J.T. Miller              1  0  1   0  0   1  0  1  0  0  5/13   12:24   1:31   5:43 
Jaden Schwartz           0  0  0   0  0   2  1  0  0  0  2/3    12:16   1:31   1:29 
Joe Colborne             0  0  0   0  0   1  1  0  0  0  1/4    14:26   0:00   0:00 
John Moore               0  0  0   0  0   0  0  0  0  0  0/0    13:32   0:00   0:57 
Kevin Hayes              0  0  0  -1  0   3  0  1  0  0  2/3    24:24   1:30   6:04 
Klas Dahlbeck            0  1  1   0  0   0  2  1  0  0  0/0    19:55   1:30   5:50 
Max Pacioretty           1  1  2   3  0   1  3  0  0  0  2/7    20:55   1:31   3:40 
Nicklas Backstrom        1  1  2   3  0   5  0  0  0  0  0/1    15:48   0:00   0:00 
Oscar Klefbom            0  0  0   1  0   0  1  2  0  0  0/0    15:09   0:00   0:23 
Phillip Di Giuseppe      0  0  0   0  0   0  1  0  0  0  0/0     5:10   0:00   0:00 
Roman Josi               1  2  3   1  0   2  0  4  0  0  0/0    26:45   1:31   5:31 
Steven Stamkos           0  1  1  -1  0   6  2  0  0  0  11/20  18:20   1:30   0:00 
Vincent Trocheck         0  0  0   0  2   2  0  0  0  0  6/11   13:39   1:30   2:54 
Vladislav Namestnikov    1  0  1  -1  0   2  0  0  0  0  0/0    16:54   0:00   0:00 
Zach Bogosian            0  2  2   1  4   0  4  3  0  0  0/0    24:34   1:31   3:22 
Zbynek Michalek          0  0  0   1  2   0  5  2  0  0  0/0    20:02   1:30   3:47 

Players Stats for Hurricanes

Player Name              G  A  P  +/- PIM S  H  SB GA TA FO     MP     PP MP  PK MP  
------------------------------------------------------------------------------------
Alex Chiasson            0  0  0  -1  0   0  1  1  0  0  0/0    15:09   0:00   0:00 
Brad Richardson          0  0  0  -1  0   1  0  0  0  0  5/12    9:50   0:00   2:00 
Brett Pesce              0  0  0  -3  0   2  1  0  0  0  0/0    21:28   3:40   2:01 
Brian Boyle              0  0  0   0  0   0  1  0  0  0  0/0     4:30   0:00   0:00 
Brian Dumoulin           0  0  0  -3  2   1  1  1  0  0  0/0    16:46   0:00   1:00 
Brian Strait             0  0  0   0  0   0  0  0  0  0  0/0     9:20   0:00   0:00 
Bryan Little             1  1  2   0  0   9  1  0  0  0  20/30  21:30   5:02   0:00 
Carl Hagelin             0  0  0   0  0   1  1  1  0  0  1/1     9:11   0:00   1:01 
Jamie McGinn             0  0  0  -1  0   4  1  0  0  0  0/4    19:44   4:17   0:00 
Jordan Oesterle          0  0  0   1  0   2  1  1  0  0  0/0    24:42   6:15   1:00 
Keith Yandle             0  0  0   1  0   1  1  1  0  0  0/0    23:42   6:15   0:00 
Lee Stempniak            0  0  0  -1  0   2  0  0  0  0  1/1    20:58   4:53   0:38 
Leo Komarov              0  0  0  -1  0   6  4  1  0  0  5/19   21:21   4:53   1:01 
Michael Frolik           0  1  1   0  0   0  0  1  0  0  0/0    18:35   0:45   1:22 
Mike Ribeiro             0  0  0   0  0   1  0  0  0  0  8/17   12:12   4:53   0:00 
Nick Foligno             0  0  0  -1  0   2  1  1  0  0  0/0    10:39   3:40   0:00 
Ron Hainsey              0  0  0   0  0   0  0  1  0  0  0/0    15:51   0:00   2:01 
Zach Parise              1  1  2   0  2   4  0  0  0  0  1/2    21:29   5:02   0:00 

3 Stars

1 - Max Pacioretty (NSH)
2 - Roman Josi (NSH)
3 - Nicklas Backstrom (NSH)

Power Play

Predators - 1 on 2 Attempt(s) - 50.00%
Hurricanes - 0 on 5 Attempt(s) - 0.00%

Penalty Kill

Predators - 5 on 5 Attempt(s) - 100.00% - Score 0 goal in Penalty Kill
Hurricanes - 1 on 2 Attempt(s) - 50.00% - Score 0 goal in Penalty Kill

Team Stat

Predators - Hits : 22 - Faceoff Wins : 45 - Blocked Shots : 14 - Penalty Minutes : 10
Hurricanes - Hits : 14 - Faceoff Wins : 41 - Blocked Shots : 9 - Penalty Minutes : 4

Official

Referees : Tom Kowal and Gord Dwyer
Linesman : John Grandt and Devin Berg

Game Notes

Eddie Lack enters game at 6:17 of 3rd period

Finance

Level 1 -- Attendance: 5280 (88.00%) -- Ticket Income $612,480
Level 2 -- Attendance: 5000 (100.00%) -- Ticket Income $355,000
Level 3 -- Attendance: 3302 (94.34%) -- Ticket Income $145,288
Level 4 -- Attendance: 2718 (85.47%) -- Ticket Income $67,950
Luxury Box -- Attendance: 968 (96.80%) -- Ticket Income $199,408
Game was played at the PNC Arena.
Total Attendance: 17268 (92.44%)
Total Ticket Income: $1,380,126
Other Income: $207,019
Total Income: $1,587,145

% Time on Ice - Predators

Lines # - Real PCT - Wanted PCT - Time Play
Normal Forward
1 - 36% - 40% - 16:50
2 - 34% - 30% - 15:48
3 - 20% - 20% - 9:16
4 - 11% - 10% - 5:10
Normal Defense
1 - 38% - 40% - 17:53
2 - 31% - 30% - 14:46
3 - 27% - 20% - 12:35
4 - 4% - 10% - 1:50
PP Forward
1 - 50% - 60% - 1:30
2 - 50% - 40% - 1:31
PP Defense
1 - 50% - 60% - 1:31
2 - 50% - 40% - 1:30
PK Forward
1 - 63% - 60% - 6:15
2 - 37% - 40% - 3:40
PK Defense
1 - 53% - 60% - 5:17
2 - 47% - 40% - 4:38
PK3 Forward
1 - 0% - 60%
2 - 0% - 40%
PK3 Defense
1 - 0% - 60%
2 - 0% - 40%
44 Forward
1 - 0% - 60%
2 - 0% - 40%
44 Defense
1 - 0% - 60%
2 - 0% - 40%
Last Minute Offensive  - 0:00
Last Minute Defensive  - 0:00
Total
Forward - 60:00
Defense - 60:00

% Time on Ice - Hurricanes

Lines # - Real PCT - Wanted PCT - Time Play
Normal Forward
1 - 35% - 37% - 16:28
2 - 33% - 31% - 15:27
3 - 17% - 17% - 8:10
4 - 15% - 15% - 6:59
Normal Defense
1 - 37% - 38% - 17:27
2 - 34% - 31% - 15:47
3 - 20% - 20% - 9:20
4 - 10% - 11% - 4:30
PP Forward
1 - 51% - 55% - 5:02
2 - 49% - 45% - 4:53
PP Defense
1 - 63% - 58% - 6:15
2 - 37% - 42% - 3:40
PK Forward
1 - 66% - 56% - 2:00
2 - 34% - 44% - 1:01
PK Defense
1 - 67% - 57% - 2:01
2 - 33% - 43% - 1:00
PK3 Forward
1 - 0% - 53%
2 - 0% - 47%
PK3 Defense
1 - 0% - 55%
2 - 0% - 45%
44 Forward
1 - 0% - 53%
2 - 0% - 47%
44 Defense
1 - 0% - 55%
2 - 0% - 45%
Last Minute Offensive  - 0:00
Last Minute Defensive  - 0:00
Total
Forward - 60:00
Defense - 60:00

Play by Play

1st period


0:01 of 1st period - Bryan Little wins face-off versus Steven Stamkos in neutral zone.
0:10 of 1st period - Shot by Zach Parise.
0:10 of 1st period - Shot Misses the Net.
0:12 of 1st period - Shot by Bryan Little.
0:12 of 1st period - Goal by Bryan Little - Predators : 0 - Hurricanes : 1.
0:13 of 1st period - Derick Brassard wins face-off versus Jamie McGinn in neutral zone.
0:13 of 1st period - Derick Brassard is hit by Leo Komarov.
0:17 of 1st period - Shot by Max Pacioretty.
0:17 of 1st period - Shot Blocked by Brian Dumoulin.
0:19 of 1st period - Shot by Nicklas Backstrom.
0:19 of 1st period - Stopped by Frederik Andersen without a rebound.
0:20 of 1st period - Vincent Trocheck wins face-off versus Mike Ribeiro in Hurricanes zone.
0:55 of 1st period - Shot by Jaden Schwartz.
0:55 of 1st period - Stopped by Frederik Andersen with a rebound.
1:49 of 1st period - Shot by Leo Komarov.
1:49 of 1st period - Shot Misses the Net.
2:01 of 1st period - Shot by Jamie McGinn.
2:01 of 1st period - Stopped by Pekka Rinne without a rebound.
2:02 of 1st period - Max Pacioretty wins face-off versus Bryan Little in Predators zone.
2:15 of 1st period - Shot by Bryan Little.
2:15 of 1st period - Stopped by Pekka Rinne without a rebound.
2:16 of 1st period - Bryan Little wins face-off versus Joe Colborne in Predators zone.
3:11 of 1st period - Shot by Roman Josi.
3:11 of 1st period - Shot Blocked by Jordan Oesterle.
3:13 of 1st period - Shot by Zach Bogosian.
3:13 of 1st period - Shot Misses the Net.
4:02 of 1st period - Icing by John Moore.
4:03 of 1st period - Steven Stamkos wins face-off versus Brad Richardson in Predators zone.
5:25 of 1st period - Icing by Brad Richardson.
5:26 of 1st period - Derick Brassard wins face-off versus Brad Richardson in Hurricanes zone.
5:29 of 1st period - Shot by Zach Bogosian.
5:29 of 1st period - Shot Blocked by Alex Chiasson.
5:31 of 1st period - Shot by Roman Josi.
5:31 of 1st period - Stopped by Frederik Andersen with a rebound.
5:33 of 1st period - Shot by Roman Josi.
5:33 of 1st period - Goal by Roman Josi - Predators : 1 - Hurricanes : 1.
5:34 of 1st period - Derick Brassard wins face-off versus Leo Komarov in neutral zone.
5:42 of 1st period - Icing by Ron Hainsey.
5:43 of 1st period - Derick Brassard wins face-off versus Jamie McGinn in Hurricanes zone.
5:54 of 1st period - Shot by Jamie McGinn.
5:54 of 1st period - Shot Misses the Net.
6:14 of 1st period - Shot by Leo Komarov.
6:14 of 1st period - Stopped by Pekka Rinne without a rebound.
6:15 of 1st period - Vincent Trocheck wins face-off versus Zach Parise in Predators zone.
6:38 of 1st period - Shot by Bryan Little.
6:38 of 1st period - Deflect By Zach Parise.
6:38 of 1st period - Stopped by Pekka Rinne without a rebound.
6:39 of 1st period - Steven Stamkos wins face-off versus Leo Komarov in Predators zone.
7:11 of 1st period - Icing by Vladislav Namestnikov.
7:12 of 1st period - Steven Stamkos wins face-off versus Mike Ribeiro in Predators zone.
7:29 of 1st period - Shot by Kevin Hayes.
7:29 of 1st period - Deflect By Steven Stamkos.
7:29 of 1st period - Stopped by Frederik Andersen without a rebound.
7:30 of 1st period - Derick Brassard wins face-off versus Bryan Little in Hurricanes zone.
7:31 of 1st period - Shot by Max Pacioretty.
7:31 of 1st period - Goal by Max Pacioretty - Predators : 2 - Hurricanes : 1.
7:32 of 1st period - Derick Brassard wins face-off versus Jamie McGinn in neutral zone.
7:40 of 1st period - Minor Penalty to Zbynek Michalek for Holding.
7:41 of 1st period - Bryan Little wins face-off versus J.T. Miller in Predators zone.
8:10 of 1st period - Shot by Jamie McGinn.
8:10 of 1st period - Shot Misses the Net.
8:12 of 1st period - Shot by Jordan Oesterle.
8:12 of 1st period - Shot Blocked by Roman Josi.
8:14 of 1st period - Shot by Zach Parise.
8:14 of 1st period - Shot Misses the Net.
8:16 of 1st period - Shot by Jordan Oesterle.
8:16 of 1st period - Stopped by Pekka Rinne with a rebound.
8:18 of 1st period - Shot by Jamie McGinn.
8:18 of 1st period - Shot Misses the Net.
8:20 of 1st period - Shot by Zach Parise.
8:20 of 1st period - Shot Blocked by J.T. Miller.
8:22 of 1st period - Shot by Jordan Oesterle.
8:22 of 1st period - Shot Blocked by Roman Josi.
8:24 of 1st period - Shot by Bryan Little.
8:24 of 1st period - Stopped by Pekka Rinne without a rebound.
8:25 of 1st period - Lee Stempniak wins face-off versus Max Pacioretty in Predators zone.
8:26 of 1st period - Shot by Leo Komarov.
8:26 of 1st period - Stopped by Pekka Rinne without a rebound.
8:27 of 1st period - Mike Ribeiro wins face-off versus Max Pacioretty in Predators zone.
8:30 of 1st period - Shot by Leo Komarov.
8:30 of 1st period - Shot Misses the Net.
8:45 of 1st period - Shot by Mike Ribeiro.
8:45 of 1st period - Shot Misses the Net.
9:01 of 1st period - Shot by Nick Foligno.
9:01 of 1st period - Deflect By Lee Stempniak.
9:01 of 1st period - Stopped by Pekka Rinne without a rebound.
9:02 of 1st period - Bryan Little wins face-off versus J.T. Miller in Predators zone.
9:25 of 1st period - Shot by Zach Parise.
9:25 of 1st period - Deflect By Bryan Little.
9:25 of 1st period - Shot Blocked by Zach Bogosian.
10:28 of 1st period - Icing by Derick Brassard.
10:29 of 1st period - Derick Brassard wins face-off versus Bryan Little in Predators zone.
10:46 of 1st period - Shot by Bryan Little.
10:46 of 1st period - Shot Hit the Post.
10:48 of 1st period - Shot by Bryan Little.
10:48 of 1st period - Stopped by Pekka Rinne without a rebound.
10:49 of 1st period - Leo Komarov wins face-off versus Steven Stamkos in Predators zone.
10:53 of 1st period - Icing by Klas Dahlbeck.
10:54 of 1st period - Steven Stamkos wins face-off versus Leo Komarov in Predators zone.
11:55 of 1st period - Zach Parise is hit by Zach Bogosian and loses puck.
11:58 of 1st period - Shot by Zach Parise.
11:58 of 1st period - Shot Misses the Net.
12:01 of 1st period - Bryan Little is hit by Zach Bogosian and loses puck.
12:12 of 1st period - Shot by Zach Parise.
12:12 of 1st period - Shot Misses the Net.
12:18 of 1st period - Shot by Bryan Little.
12:18 of 1st period - Shot Misses the Net.
12:25 of 1st period - Minor Penalty to Vincent Trocheck for Holding.
12:26 of 1st period - Mike Ribeiro wins face-off versus J.T. Miller in Predators zone.
12:27 of 1st period - Shot by Leo Komarov.
12:27 of 1st period - Stopped by Pekka Rinne without a rebound.
12:28 of 1st period - J.T. Miller wins face-off versus Mike Ribeiro in Predators zone.
12:37 of 1st period - Zbynek Michalek is hit by Leo Komarov and loses puck.
12:48 of 1st period - Shot by Brett Pesce.
12:48 of 1st period - Stopped by Pekka Rinne without a rebound.
12:49 of 1st period - J.T. Miller wins face-off versus Jamie McGinn in Predators zone.
12:55 of 1st period - Icing by Bryan Little.
12:56 of 1st period - Bryan Little wins face-off versus J.T. Miller in Hurricanes zone.
13:04 of 1st period - Off-side.
13:05 of 1st period - Bryan Little wins face-off versus J.T. Miller in neutral zone.
13:32 of 1st period - Shot by Zach Parise.
13:32 of 1st period - Shot Misses the Net.
14:10 of 1st period - Shot by Nick Foligno.
14:10 of 1st period - Shot Blocked by Klas Dahlbeck.
14:17 of 1st period - Shot by Leo Komarov.
14:17 of 1st period - Shot Misses the Net.
14:19 of 1st period - Shot by Lee Stempniak.
14:19 of 1st period - Shot Blocked by Zbynek Michalek.
14:36 of 1st period - Alex Chiasson is hit by Zach Bogosian and loses puck.
14:39 of 1st period - Shot by Nick Foligno.
14:39 of 1st period - Shot Misses the Net.
14:42 of 1st period - Alex Chiasson is hit by Zach Bogosian and loses puck.
15:20 of 1st period - Shot by Michael Frolik.
15:20 of 1st period - Shot Blocked by Zach Bogosian.
15:21 of 1st period - Minor Penalty to Zach Bogosian for Interference.
15:22 of 1st period - Mike Ribeiro wins face-off versus Max Pacioretty in Predators zone.
15:48 of 1st period - Icing by Mike Ribeiro.
15:49 of 1st period - Jaden Schwartz wins face-off versus Mike Ribeiro in Hurricanes zone.
16:00 of 1st period - Off-side.
16:01 of 1st period - Bryan Little wins face-off versus Kevin Hayes in neutral zone.
16:19 of 1st period - Shot by Zach Parise.
16:19 of 1st period - Shot Misses the Net.
16:21 of 1st period - Shot by Bryan Little.
16:21 of 1st period - Shot Blocked by Kevin Hayes.
16:23 of 1st period - Shot by Bryan Little.
16:23 of 1st period - Stopped by Pekka Rinne without a rebound.
16:24 of 1st period - Max Pacioretty wins face-off versus Mike Ribeiro in Predators zone.
16:24 of 1st period - Vincent Trocheck is hit by Leo Komarov and loses puck.
18:15 of 1st period - Shot by Nicklas Backstrom.
18:15 of 1st period - Stopped by Frederik Andersen without a rebound.
18:16 of 1st period - Brad Richardson wins face-off versus Vincent Trocheck in Hurricanes zone.
18:20 of 1st period - Nick Foligno is hit by Klas Dahlbeck and loses puck.
19:16 of 1st period - Shot by Jamie McGinn.
19:16 of 1st period - Stopped by Pekka Rinne without a rebound.
19:17 of 1st period - Leo Komarov wins face-off versus Steven Stamkos in Predators zone.
19:19 of 1st period - Lee Stempniak is hit by Zbynek Michalek and loses puck.
19:22 of 1st period - Shot by Leo Komarov.
19:22 of 1st period - Stopped by Pekka Rinne with a rebound.
19:24 of 1st period - Shot by Leo Komarov.
19:24 of 1st period - Shot Blocked by Oscar Klefbom.
19:26 of 1st period - Shot by Jordan Oesterle.
19:26 of 1st period - Shot Blocked by Oscar Klefbom.
19:30 of 1st period - Shot by Leo Komarov.
19:30 of 1st period - Shot Blocked by Zbynek Michalek.
19:32 of 1st period - Shot by Jordan Oesterle.
19:32 of 1st period - Stopped by Pekka Rinne without a rebound.
19:33 of 1st period - Derick Brassard wins face-off versus Bryan Little in Predators zone.
Goals for this period are 2 for Predators vs 1 for Hurricanes.
Shots for this period are 7 for Predators vs 16 for Hurricanes.

2nd period


0:01 of 2nd period - Steven Stamkos wins face-off versus Leo Komarov in neutral zone.
0:04 of 2nd period - Jamie McGinn is hit by Steven Stamkos and loses puck.
0:12 of 2nd period - Icing by Lee Stempniak.
0:13 of 2nd period - Derick Brassard wins face-off versus Leo Komarov in Hurricanes zone.
0:41 of 2nd period - Jordan Oesterle is hit by Max Pacioretty and loses puck.
0:46 of 2nd period - Shot by Nicklas Backstrom.
0:46 of 2nd period - Shot Blocked by Keith Yandle.
1:34 of 2nd period - Shot by Steven Stamkos.
1:34 of 2nd period - Stopped by Frederik Andersen without a rebound.
1:35 of 2nd period - Mike Ribeiro wins face-off versus Vincent Trocheck in Hurricanes zone.
1:40 of 2nd period - Shot by Carl Hagelin.
1:40 of 2nd period - Stopped by Pekka Rinne without a rebound.
1:41 of 2nd period - Vincent Trocheck wins face-off versus Mike Ribeiro in Predators zone.
2:01 of 2nd period - Icing by Carl Hagelin.
2:02 of 2nd period - Carl Hagelin wins face-off versus Steven Stamkos in Hurricanes zone.
2:19 of 2nd period - Shot by Steven Stamkos.
2:19 of 2nd period - Stopped by Frederik Andersen without a rebound.
2:20 of 2nd period - Derick Brassard wins face-off versus Bryan Little in Hurricanes zone.
2:37 of 2nd period - Shot by Nicklas Backstrom.
2:37 of 2nd period - Stopped by Frederik Andersen with a rebound.
2:45 of 2nd period - Jordan Oesterle is hit by Max Pacioretty and loses puck.
3:15 of 2nd period - Minor Penalty to Zach Bogosian for Hooking.
3:16 of 2nd period - J.T. Miller wins face-off versus Mike Ribeiro in Predators zone.
3:42 of 2nd period - Shot by Nick Foligno.
3:42 of 2nd period - Stopped by Pekka Rinne without a rebound.
3:43 of 2nd period - Bryan Little wins face-off versus J.T. Miller in Predators zone.
3:46 of 2nd period - Shot by Bryan Little.
3:46 of 2nd period - Stopped by Pekka Rinne without a rebound.
3:47 of 2nd period - J.T. Miller wins face-off versus Bryan Little in Predators zone.
5:27 of 2nd period - Zach Bogosian is hit by Brian Boyle and loses puck.
5:36 of 2nd period - Shot by Vladislav Namestnikov.
5:36 of 2nd period - Shot Misses the Net.
5:38 of 2nd period - Shot by Vladislav Namestnikov.
5:38 of 2nd period - Shot Misses the Net.
5:49 of 2nd period - Icing by Alex Chiasson.
5:50 of 2nd period - Brad Richardson wins face-off versus Joe Colborne in Hurricanes zone.
6:05 of 2nd period - Shot by Joe Colborne.
6:05 of 2nd period - Stopped by Frederik Andersen without a rebound.
6:06 of 2nd period - Derick Brassard wins face-off versus Bryan Little in Hurricanes zone.
6:39 of 2nd period - Shot by Nicklas Backstrom.
6:39 of 2nd period - Shot Blocked by Michael Frolik.
7:21 of 2nd period - Shot by Vincent Trocheck.
7:21 of 2nd period - Shot Misses the Net.
7:23 of 2nd period - Shot by Vincent Trocheck.
7:23 of 2nd period - Stopped by Frederik Andersen without a rebound.
7:24 of 2nd period - Mike Ribeiro wins face-off versus Steven Stamkos in Hurricanes zone.
7:33 of 2nd period - Alex Chiasson is hit by Steven Stamkos and loses puck.
7:48 of 2nd period - Kevin Hayes is hit by Carl Hagelin and loses puck.
8:49 of 2nd period - Shot by Leo Komarov.
8:49 of 2nd period - Stopped by Pekka Rinne without a rebound.
8:50 of 2nd period - Bryan Little wins face-off versus Vincent Trocheck in Predators zone.
9:01 of 2nd period - Shot by Zach Parise.
9:01 of 2nd period - Deflect By Bryan Little.
9:01 of 2nd period - Stopped by Pekka Rinne without a rebound.
9:02 of 2nd period - Zach Parise wins face-off versus Derick Brassard in Predators zone.
10:59 of 2nd period - Shot by Vladislav Namestnikov.
10:59 of 2nd period - Stopped by Frederik Andersen without a rebound.
11:00 of 2nd period - Derick Brassard wins face-off versus Mike Ribeiro in Hurricanes zone.
11:06 of 2nd period - Mike Ribeiro is hit by Derick Brassard and loses puck.
11:17 of 2nd period - Shot by Mike Ribeiro.
11:17 of 2nd period - Stopped by Pekka Rinne without a rebound.
11:18 of 2nd period - Steven Stamkos wins face-off versus Bryan Little in Predators zone.
11:28 of 2nd period - Vladislav Namestnikov is hit by Keith Yandle.
11:40 of 2nd period - Shot by Zach Parise.
11:40 of 2nd period - Goal by Zach Parise - Predators : 2 - Hurricanes : 2.
11:41 of 2nd period - Vincent Trocheck wins face-off versus Leo Komarov in neutral zone.
11:47 of 2nd period - Vincent Trocheck is hit by Brett Pesce and loses puck.
12:09 of 2nd period - Off-side.
12:10 of 2nd period - Bryan Little wins face-off versus Steven Stamkos in neutral zone.
13:18 of 2nd period - Derick Brassard is hit by Jordan Oesterle and loses puck.
13:25 of 2nd period - Roman Josi is hit by Bryan Little and loses puck.
13:36 of 2nd period - Shot by Nicklas Backstrom.
13:36 of 2nd period - Shot Misses the Net.
13:41 of 2nd period - Minor Penalty to Brian Dumoulin for Hooking.
13:42 of 2nd period - Vincent Trocheck wins face-off versus Leo Komarov in Hurricanes zone.
13:49 of 2nd period - Shot by Vincent Trocheck.
13:49 of 2nd period - Shot Misses the Net.
14:07 of 2nd period - Shot by Kevin Hayes.
14:07 of 2nd period - Deflect By Steven Stamkos.
14:07 of 2nd period - Stopped by Frederik Andersen without a rebound.
14:08 of 2nd period - Brad Richardson wins face-off versus Jaden Schwartz in Hurricanes zone.
14:14 of 2nd period - Icing by Roman Josi.
14:15 of 2nd period - Jaden Schwartz wins face-off versus Brad Richardson in Predators zone.
14:29 of 2nd period - Shot by Zach Bogosian.
14:29 of 2nd period - Shot Hit the Post.
14:31 of 2nd period - Shot by Zach Bogosian.
14:31 of 2nd period - Shot Misses the Net.
14:33 of 2nd period - Shot by Jaden Schwartz.
14:33 of 2nd period - Stopped by Frederik Andersen with a rebound.
14:35 of 2nd period - Shot by Zach Bogosian.
14:35 of 2nd period - Shot Misses the Net.
14:43 of 2nd period - Shot by J.T. Miller.
14:43 of 2nd period - Goal by J.T. Miller - Predators : 3 - Hurricanes : 2.
14:44 of 2nd period - Leo Komarov wins face-off versus Steven Stamkos in neutral zone.
15:21 of 2nd period - Shot by Lee Stempniak.
15:21 of 2nd period - Shot Misses the Net.
15:49 of 2nd period - Shot by Nick Foligno.
15:49 of 2nd period - Stopped by Pekka Rinne with a rebound.
15:51 of 2nd period - Shot by Brad Richardson.
15:51 of 2nd period - Stopped by Pekka Rinne with a rebound.
15:55 of 2nd period - Shot by Nick Foligno.
15:55 of 2nd period - Shot Misses the Net.
16:11 of 2nd period - Shot by Alex Chiasson.
16:11 of 2nd period - Shot Misses the Net.
17:19 of 2nd period - Icing by Oscar Klefbom.
17:20 of 2nd period - Leo Komarov wins face-off versus Joe Colborne in Predators zone.
17:49 of 2nd period - Shot by Lee Stempniak.
17:49 of 2nd period - Stopped by Pekka Rinne without a rebound.
17:50 of 2nd period - Derick Brassard wins face-off versus Brad Richardson in Predators zone.
17:50 of 2nd period - Max Pacioretty is hit by Nick Foligno and loses puck.
18:24 of 2nd period - Jordan Oesterle is hit by Max Pacioretty and loses puck.
18:29 of 2nd period - Shot by Max Pacioretty.
18:29 of 2nd period - Shot Blocked by Nick Foligno.
18:42 of 2nd period - Icing by Brad Richardson.
18:43 of 2nd period - Brad Richardson wins face-off versus Steven Stamkos in Hurricanes zone.
18:48 of 2nd period - Shot by Kevin Hayes.
18:48 of 2nd period - Deflect By Steven Stamkos.
18:48 of 2nd period - Shot Misses the Net.
19:41 of 2nd period - Icing by Brett Pesce.
19:42 of 2nd period - Bryan Little wins face-off versus Max Pacioretty in Hurricanes zone.
19:44 of 2nd period - Icing by Zach Parise.
19:45 of 2nd period - Derick Brassard wins face-off versus Bryan Little in Hurricanes zone.
19:45 of 2nd period - Derick Brassard is hit by Brian Dumoulin.
Goals for this period are 1 for Predators vs 1 for Hurricanes.
Shots for this period are 9 for Predators vs 10 for Hurricanes.

3rd period


0:01 of 3rd period - Kevin Hayes wins face-off versus Leo Komarov in neutral zone.
0:07 of 3rd period - Shot by Jamie McGinn.
0:07 of 3rd period - Stopped by Pekka Rinne without a rebound.
0:08 of 3rd period - Steven Stamkos wins face-off versus Leo Komarov in Predators zone.
0:30 of 3rd period - Shot by Kevin Hayes.
0:30 of 3rd period - Stopped by Frederik Andersen with a rebound.
0:34 of 3rd period - Shot by Steven Stamkos.
0:34 of 3rd period - Shot Misses the Net.
0:38 of 3rd period - Shot by Steven Stamkos.
0:38 of 3rd period - Shot Hit the Post.
0:40 of 3rd period - Shot by Kevin Hayes.
0:40 of 3rd period - Stopped by Frederik Andersen without a rebound.
0:41 of 3rd period - Bryan Little wins face-off versus Vincent Trocheck in Hurricanes zone.
0:41 of 3rd period - Zach Parise is hit by Joe Colborne.
0:52 of 3rd period - Icing by Brian Dumoulin.
0:53 of 3rd period - Bryan Little wins face-off versus Derick Brassard in Hurricanes zone.
1:09 of 3rd period - Shot by Michael Frolik.
1:09 of 3rd period - Shot Misses the Net.
1:11 of 3rd period - Shot by Zach Parise.
1:11 of 3rd period - Stopped by Pekka Rinne without a rebound.
1:12 of 3rd period - Steven Stamkos wins face-off versus Leo Komarov in Predators zone.
1:45 of 3rd period - Zach Bogosian is hit by Leo Komarov and loses puck.
2:36 of 3rd period - Bryan Little is hit by Zbynek Michalek and loses puck.
2:43 of 3rd period - Shot by Zach Parise.
2:43 of 3rd period - Shot Misses the Net.
2:57 of 3rd period - Shot by Bryan Little.
2:57 of 3rd period - Shot Misses the Net.
2:59 of 3rd period - Shot by Bryan Little.
2:59 of 3rd period - Shot Misses the Net.
3:01 of 3rd period - Shot by Michael Frolik.
3:01 of 3rd period - Deflect By Zach Parise.
3:01 of 3rd period - Shot Misses the Net.
3:03 of 3rd period - Shot by Michael Frolik.
3:03 of 3rd period - Shot Misses the Net.
3:05 of 3rd period - Shot by Brian Dumoulin.
3:05 of 3rd period - Shot Misses the Net.
3:22 of 3rd period - Carl Hagelin is hit by Zbynek Michalek.
3:44 of 3rd period - John Moore is hit by Alex Chiasson.
3:48 of 3rd period - Shot by Nicklas Backstrom.
3:48 of 3rd period - Stopped by Frederik Andersen without a rebound.
3:49 of 3rd period - Steven Stamkos wins face-off versus Brad Richardson in Hurricanes zone.
3:52 of 3rd period - Shot by Kevin Hayes.
3:52 of 3rd period - Deflect By Steven Stamkos.
3:52 of 3rd period - Stopped by Frederik Andersen with a rebound.
3:57 of 3rd period - Icing by Brian Boyle.
3:58 of 3rd period - Steven Stamkos wins face-off versus Brad Richardson in Hurricanes zone.
4:37 of 3rd period - Shot by Kevin Hayes.
4:37 of 3rd period - Shot Blocked by Ron Hainsey.
5:11 of 3rd period - Shot by Nicklas Backstrom.
5:11 of 3rd period - Goal by Nicklas Backstrom - Predators : 4 - Hurricanes : 2.
5:12 of 3rd period - Joe Colborne wins face-off versus Leo Komarov in neutral zone.
6:09 of 3rd period - Icing by Brian Dumoulin.
6:10 of 3rd period - Kevin Hayes wins face-off versus Leo Komarov in Hurricanes zone.
6:13 of 3rd period - Shot by Steven Stamkos.
6:13 of 3rd period - Shot Misses the Net.
6:17 of 3rd period - Shot by Vladislav Namestnikov.
6:17 of 3rd period - Goal by Vladislav Namestnikov - Predators : 5 - Hurricanes : 2.
6:17 of 3rd period - Eddie Lack enters game.
6:18 of 3rd period - Bryan Little wins face-off versus Nicklas Backstrom in neutral zone.
6:31 of 3rd period - Shot by Michael Frolik.
6:31 of 3rd period - Shot Misses the Net.
6:34 of 3rd period - Icing by Roman Josi.
6:35 of 3rd period - Mike Ribeiro wins face-off versus Derick Brassard in Predators zone.
6:39 of 3rd period - Icing by Roman Josi.
6:40 of 3rd period - Bryan Little wins face-off versus Derick Brassard in Predators zone.
6:43 of 3rd period - Shot by Zach Parise.
6:43 of 3rd period - Stopped by Pekka Rinne with a rebound.
7:09 of 3rd period - Minor Penalty to Zach Parise for Holding.
7:10 of 3rd period - Vincent Trocheck wins face-off versus Brad Richardson in Hurricanes zone.
7:13 of 3rd period - Shot by Vincent Trocheck.
7:13 of 3rd period - Deflect By Kevin Hayes.
7:13 of 3rd period - Stopped by Eddie Lack with a rebound.
7:52 of 3rd period - Shot by Steven Stamkos.
7:52 of 3rd period - Stopped by Eddie Lack with a rebound.
8:15 of 3rd period - Shot by Roman Josi.
8:15 of 3rd period - Shot Misses the Net.
8:17 of 3rd period - Shot by Max Pacioretty.
8:17 of 3rd period - Shot Misses the Net.
8:21 of 3rd period - Shot by Max Pacioretty.
8:21 of 3rd period - Shot Misses the Net.
8:23 of 3rd period - Shot by Roman Josi.
8:23 of 3rd period - Shot Misses the Net.
9:12 of 3rd period - Icing by Alex Chiasson.
9:13 of 3rd period - Derick Brassard wins face-off versus Mike Ribeiro in Hurricanes zone.
9:55 of 3rd period - Icing by Klas Dahlbeck.
9:56 of 3rd period - Derick Brassard wins face-off versus Leo Komarov in Predators zone.
10:17 of 3rd period - Shot by Leo Komarov.
10:17 of 3rd period - Shot Misses the Net.
10:19 of 3rd period - Shot by Leo Komarov.
10:19 of 3rd period - Shot Blocked by Roman Josi.
10:21 of 3rd period - Shot by Leo Komarov.
10:21 of 3rd period - Shot Misses the Net.
10:23 of 3rd period - Shot by Jamie McGinn.
10:23 of 3rd period - Shot Hit the Post.
10:25 of 3rd period - Shot by Lee Stempniak.
10:25 of 3rd period - Shot Blocked by Roman Josi.
10:27 of 3rd period - Shot by Brett Pesce.
10:27 of 3rd period - Stopped by Pekka Rinne with a rebound.
10:29 of 3rd period - Shot by Lee Stempniak.
10:29 of 3rd period - Shot Misses the Net.
10:31 of 3rd period - Shot by Lee Stempniak.
10:31 of 3rd period - Shot Blocked by Zach Bogosian.
10:33 of 3rd period - Shot by Brett Pesce.
10:33 of 3rd period - Shot Misses the Net.
10:35 of 3rd period - Shot by Brian Dumoulin.
10:35 of 3rd period - Stopped by Pekka Rinne without a rebound.
10:36 of 3rd period - Bryan Little wins face-off versus Vincent Trocheck in Predators zone.
11:00 of 3rd period - Michael Frolik is hit by Jaden Schwartz and loses puck.
11:08 of 3rd period - Michael Frolik is hit by Oscar Klefbom and loses puck.
12:09 of 3rd period - Shot by Carl Hagelin.
12:09 of 3rd period - Shot Misses the Net.
12:35 of 3rd period - Shot by Leo Komarov.
12:35 of 3rd period - Shot Misses the Net.
12:37 of 3rd period - Shot by Lee Stempniak.
12:37 of 3rd period - Shot Misses the Net.
12:39 of 3rd period - Shot by Leo Komarov.
12:39 of 3rd period - Shot Misses the Net.
13:28 of 3rd period - Icing by Jordan Oesterle.
13:29 of 3rd period - Bryan Little wins face-off versus J.T. Miller in Hurricanes zone.
13:29 of 3rd period - Bryan Little is hit by Phillip Di Giuseppe.
13:40 of 3rd period - Zach Parise is hit by Zbynek Michalek and loses puck.
13:52 of 3rd period - Bryan Little is hit by Zbynek Michalek and loses puck.
13:57 of 3rd period - Shot by Bryan Little.
13:57 of 3rd period - Shot Misses the Net.
13:59 of 3rd period - Shot by Bryan Little.
13:59 of 3rd period - Stopped by Pekka Rinne without a rebound.
14:00 of 3rd period - Mike Ribeiro wins face-off versus Derick Brassard in Predators zone.
14:36 of 3rd period - Shot by Alex Chiasson.
14:36 of 3rd period - Shot Misses the Net.
14:50 of 3rd period - Icing by Klas Dahlbeck.
14:51 of 3rd period - Bryan Little wins face-off versus Derick Brassard in Predators zone.
14:55 of 3rd period - Zach Parise is hit by Klas Dahlbeck and loses puck.
15:11 of 3rd period - Zach Parise is hit by Derick Brassard and loses puck.
15:21 of 3rd period - Icing by Klas Dahlbeck.
15:22 of 3rd period - Leo Komarov wins face-off versus Derick Brassard in Predators zone.
15:25 of 3rd period - Shot by Jamie McGinn.
15:25 of 3rd period - Stopped by Pekka Rinne without a rebound.
15:26 of 3rd period - Steven Stamkos wins face-off versus Leo Komarov in Predators zone.
16:45 of 3rd period - Shot by Vincent Trocheck.
16:45 of 3rd period - Stopped by Eddie Lack with a rebound.
16:55 of 3rd period - Shot by Jaden Schwartz.
16:55 of 3rd period - Shot Blocked by Leo Komarov.
16:57 of 3rd period - Shot by Zbynek Michalek.
16:57 of 3rd period - Shot Misses the Net.
17:13 of 3rd period - Shot by Derick Brassard.
17:13 of 3rd period - Stopped by Eddie Lack without a rebound.
17:14 of 3rd period - Bryan Little wins face-off versus Steven Stamkos in Hurricanes zone.
17:25 of 3rd period - Shot by Bryan Little.
17:25 of 3rd period - Stopped by Pekka Rinne without a rebound.
17:26 of 3rd period - Brad Richardson wins face-off versus Derick Brassard in Predators zone.
17:43 of 3rd period - Minor Penalty to Derick Brassard for Roughing.
17:44 of 3rd period - Bryan Little wins face-off versus J.T. Miller in Predators zone.
18:28 of 3rd period - Shot by Keith Yandle.
18:28 of 3rd period - Stopped by Pekka Rinne without a rebound.
18:29 of 3rd period - Mike Ribeiro wins face-off versus Max Pacioretty in Predators zone.
18:46 of 3rd period - Shot by Leo Komarov.
18:46 of 3rd period - Stopped by Pekka Rinne without a rebound.
18:47 of 3rd period - J.T. Miller wins face-off versus Bryan Little in Predators zone.
18:47 of 3rd period - J.T. Miller is hit by Jamie McGinn.
19:41 of 3rd period - Shot by Leo Komarov.
19:41 of 3rd period - Shot Misses the Net.
19:49 of 3rd period - Shot by Nicklas Backstrom.
19:49 of 3rd period - Shot Blocked by Carl Hagelin.
19:59 of 3rd period - Shot by Carl Hagelin.
19:59 of 3rd period - Shot Misses the Net.
Goals for this period are 2 for Predators vs 0 for Hurricanes.
Shots for this period are 10 for Predators vs 10 for Hurricanes.